 Dungeon Crawl Stone Soup version 0.30-a0-528-g8c47a4955b (webtiles) character file.

Game seed: 6034799254866836183

46757 freelancePsychic the Fencer (level 14, -25/111 (120) HPs)
             Began as a Demonspawn Warper on Dec 23, 2022.
             Was an Initiate of Gozag.
             Killed from afar by a tengu reaver (44 damage)
             ... with a bolt of negative energy
             ... on level 12 of the Dungeon.
             The game lasted 00:43:21 (22769 turns).

freelancePsychic the Fencer (Demonspawn Warper)    Turns: 22769, Time: 00:43:21

HP:   -25/111 (120) AC: 13    Str: 13    XL:     14   Next: 6%
MP:   0/17          EV: 10    Int: 22    God:    Gozag
Gold: 190           SH:  8    Dex: 15    Spells: 8/17 levels left

rFire   + + +      SeeInvis .    a - +5 great sword (freeze)
rCold   + . .      Faith    .    (shield currently unavailable)
rNeg    . . .      Spirit   +    f - +3 fire dragon scales
rPois   +          Reflect  .    (helmet unavailable)
rElec   +          Harm     .    o - scarf {rC+ rF+}
rCorr   +          Rampage  .    (no gloves)
Will    +....                    (no boots) Stlth
                                 k - amulet of guardian spirit
HPRegen 0.38/turn                x - +6 ring of intelligence
MPRegen 0.15/turn                F - ring of wizardry

@: mighty, lethally poisoned (-25 -> -33), resistant, hasted, drained, very
quick
A: horns 3, large bone plates 3, demonic guardian 1, powered by death 1
a: Renounce Religion, Potion Petition, Call Merchant, Bribe Branch


You were on level 12 of the Dungeon.
You worshipped Gozag.
Gozag was aware of your devotion.
You visited 2 branches of the dungeon, and saw 17 of its levels.
You also visited: Gauntlet.

You collected 4097 gold pieces.
You spent 592 gold pieces at shops.
You paid 3315 gold pieces to Gozag.

Inventory:

Hand Weapons
 a - a +5 great sword of freezing (weapon)
 b - a +1 scimitar of flaming
Missiles
 j - 5 silver javelins
 m - 15 poisoned darts (quivered)
 v - 23 boomerangs
 w - 5 throwing nets
 y - 5 datura-tipped darts
 B - 12 curare-tipped darts
Armour
 f - +3 fire dragon scales (worn)
 l - a +0 buckler
 o - a scarf of resistance (worn)
 D - the +18 shield of the Gong {rElec rN+ Will+ EV-5}
   (You found it on level 11 of the Dungeon)

   It is deafeningly noisy when blocking attacks.
   EV:        It affects your evasion (-5).
   rElec:     It insulates you from electricity.
   rN:        It protects you from negative energy.
   Will:      It increases your willpower.
 I - the +2 cloak "Kiemimieg" {-Cast rElec Str+2 Dex+4}
   (You bought it in a shop on level 2 of the Lair of Beasts)

   Str:       It affects your strength (+2).
   Dex:       It affects your dexterity (+4).
   rElec:     It insulates you from electricity.
   -Cast:     It prevents spellcasting.
Jewellery
 k - an amulet of guardian spirit (around neck)
 p - an amulet of reflection
 x - a +6 ring of intelligence (left hand)
 F - a ring of wizardry (right hand)
 G - a ring of see invisible
Wands
 q - a wand of acid (1)
 C - a wand of flame (12)
 E - a wand of iceblast (5)
 L - a wand of mindburst (5)
 N - a wand of charming (4)
Scrolls
 c - a scroll of vulnerability
 e - 3 scrolls of teleportation {@r4}
 h - 2 scrolls of noise
 n - a scroll of identify {@r1}
 r - 3 scrolls of fog
 s - a scroll of silence
 t - a scroll of enchant armour
 u - 2 scrolls of amnesia
 A - 3 scrolls of blinking
 H - a scroll of magic mapping
 J - 2 scrolls of poison
Potions
 d - 2 potions of attraction
 g - 2 potions of mutation
 i - a potion of lignification
 z - 3 potions of flight
 K - a potion of curing {@q1}
 M - a potion of ambrosia


   Skills:
 + Level 14.2 Fighting
 * Level 15.5 Long Blades
 - Level 3.5 Throwing
 - Level 7.0 Armour
 - Level 4.9 Dodging
 - Level 0.6 Stealth
 - Level 2.0 Spellcasting
 + Level 6.7 Translocations


You had 8 spell levels left.
You knew the following spells:

 Your Spells              Type           Power      Damage    Failure   Level
a - Manifold Assault      Tloc           32%        N/A       17%         4
b - Blink                 Tloc           64%        N/A       2%          2
c - Vhi's Electric Charg  Tloc/Air       34%        N/A       21%         3

Your spell library contained the following spells:

 Spells                   Type           Power      Damage    Failure   Level
 Lesser Beckoning         Tloc           64%        N/A       5%          3
 Teleport Other           Tloc           32%        N/A       5%          3
 Portal Projectile        Hex/Tloc       34%        N/A       21%         3
 Kindle Blastsparks       Fire/Tloc/Air  24%        2d12      32%         3
 Cigotuvi's Dreadful Rot  Necr/Pois/Air  4%         N/A       38%         2
 Ensorcelled Hibernation  Hex/Ice        4%         N/A       38%         2
 Poisonous Vapours        Pois/Air       4%         N/A       38%         2
 Call Canine Familiar     Summ           2%         N/A       61%         3
 Ignite Poison            Fire/Tmut/Pois 2%         N/A       61%         3
 Mephitic Cloud           Conj/Pois/Air  2%         N/A       61%         3
 Ozocubu's Armour         Ice            2%         N/A       61%         3
 Spider Form              Tmut/Pois      2%         N/A       61%         3
 Anguish                  Hex/Necr       1%         N/A       93%         4
 Leda's Liquefaction      Hex/Erth       1%         N/A       93%         4
 Freezing Cloud           Conj/Ice/Air   1%         6-21      99%         5
 Ozocubu's Refrigeration  Ice            1%         4d7       100%        7


Dungeon Overview and Level Annotations

Branches:
Dungeon (12/15)            Temple (0/1) D:7            Lair (5/5) D:10
  Swamp (0/4) Lair:2        Snake (0/4) Lair:3        Slime (0/5) Lair:4
Gauntlet (visited)
    Orc: D:9-12

Altars:
Ashenzari
Cheibriados
Dithmenos
Gozag
Kikubaaqudgha
Makhleb
Nemelex Xobeh
Okawaru
Vehumet
Wu Jian
Xom

Shops:
D:7 [   D:10 (   Lair:2 *

Portals:
Abyss: D:5

Annotations:
D:4 2 transporters
D:5 2 transporters, themarg's ghost, novice DrTm
D:10 1 runed translucent door


Innate Abilities, Weirdness & Mutations

You have a pair of large horns on your head.
You are completely covered in large bone plates. (SH +8)
A weak demonic guardian rushes to your aid.
You regenerate a little health from kills.


Message History

You freeze the tengu reaver. You slash the tengu reaver!
You freeze the tengu reaver. Your headbutt misses the tengu reaver.
The tengu reaver is moderately wounded.
The tengu reaver casts a spell at you. The bolt of poison hits you!!
You are poisoned.
A phantasmal warrior comes into view.
You slash the tengu reaver! You freeze the tengu reaver.
You headbutt the tengu reaver.
The tengu reaver is heavily wounded.
You feel very sick.
The tengu reaver points at you and mumbles some strange words.
The bolt of cold hits you!
A demonic guardian appears! [a] - 320 gold - heal wounds, curing and magic [b] - 672 gold - resistance, might and haste [c] - 308 gold - curing and magic Purchase which effect?
You no longer have enough gold to petition Gozag for potion effects.
You feel protected.
You feel very mighty all of a sudden.
You feel yourself speed up.
You feel very sick.
Your ufetubus closely misses the tengu reaver.
Your ufetubus misses the tengu reaver.
The tengu reaver hits you with a +0 lajatang!!
* * * LOW HITPOINT WARNING * * *
The tengu reaver misses you.
The tengu reaver claws you but does no damage.
The phantasmal warrior gestures at you.
The phantasmal warrior blinks!
You slash the tengu reaver! You freeze the tengu reaver.
Your headbutt misses the tengu reaver.
The tengu reaver is severely wounded.
You feel sick.
Your ufetubus closely misses the tengu reaver.
Your ufetubus misses the tengu reaver.
The tengu reaver gestures at you while chanting.
The bolt of negative energy hits you!!!
You feel drained.
You die...
Your body crumbles into a pile of gold.

.............###### #.# #...
)##.###.####.# #.# #.... .##.#
# #.# #.####....# .##.# ##+#
#.#......## ....# ##...#
#.)........ .##.# #.....#
###T...#... .#..# .......##
##....## ....##
........####....###.
................@Qc...........
....####.......W5##....#......
##.## .......##....##......
...# #.....##....## .....#
#..# ##...##....## ....## #..#
##+##....## ..## # .#
##.#....######. ## # .#
#......c...O..(
#.....#.......Q$


You could see a tengu reaver (ally target), a phantasmal warrior, a yaktaur and
a friendly ufetubus (summoned).

Vanquished Creatures
  Rupert (Lair:3)
  Fannar (Lair:3)
  Josephine (Lair:3)
  2 hydras
  Erica (D:8)
  A centaur warrior (D:11)
  A boulder beetle (D:11)
  2 catoblepae
  A two-headed ogre (D:12)
  A death yak (Lair:5)
  Urug (D:12)
  Pikel (D:9)
  3 bog bodies (Lair:2)
  2 lindwurms (Lair:1)
  An ugly thing (D:12)
  2 cyclopes (D:11)
  An elephant (Lair:1)
  Maurice (D:8)
  3 black mambas (Lair:3)
  2 vault sentinels (D:11)
  A gargoyle (D:10)
  An unseen horror (D:12)
  2 kobold demonologists (D:10)
  9 cane toads
  A rime drake (Lair:2)
  4 komodo dragons
  A troll (shapeshifter) (Lair:5)
  4 trolls
  2 ice devils (D:7)
  2 polar bears
  25 blink frogs
  5 dream sheep (Lair:4)
  9 spriggans (D:10)
  5 wyverns
  2 shadows
  43 yaks
  A ynoxinul (Lair:5)
  7 wraiths
  5 basilisks
  A fire bat (Lair:1)
  Grum (Lair:1)
  6 vampire mosquitoes
  3 steam dragons
  Edmund (D:6)
  2 swamp worms (Lair:2)
  2 acid dragons (D:10)
  12 water moccasins
  2 sky beasts (D:7)
  3 ice beasts
  4 orc warriors
  A black bear (D:7)
  4 small abominations (Lair:5)
  A black bear (shapeshifter) (Lair:5)
  2 wolves (Lair:1)
  A phantom (D:5)
  7 centaurs
  A lemure (D:8)
  2 kobold brigands (D:10)
  9 bullfrogs
  3 gnoll sergeants
  5 scorpions
  13 wights
  6 killer bees (D:9)
  A howler monkey (D:12)
  2 electric eels
  A hound (D:7)
  A jelly (D:4)
  6 orc priests
  5 iguanas
  Natasha (D:2)
  11 orc wizards
  11 gnolls
  8 adders
  A shadow imp (D:8)
  9 white imps
  5 worms
  4 dart slugs
  39 orcs
  3 endoplasms
  A giant cockroach (D:2)
  8 hobgoblins
  7 kobolds
  5 quokkas
  5 ball pythons
  8 bats
  13 frilled lizards
  6 goblins
  8 rats
  2 butterflies (Lair:1)
421 creatures vanquished.

Vanquished Creatures (collateral kills)
  An elephant (Lair:1)
  An unseen horror (D:10)
  A troll (D:10)
  A yak (D:10)
  A bullfrog (Lair:3)
  An electric eel (Lair:1)
6 creatures vanquished.

Vanquished Creatures (others)
  29 fungi
  42 plants
  13 toadstools (Lair:1)
  A withered plant (Gauntlet)
85 creatures vanquished.

Grand Total: 512 creatures vanquished

Notes
Turn   | Place    | Note
-------+----------+-------------------------------------------
     0 | D:1      | freelancePsychic the Demonspawn Warper began the quest for
                  | the Orb.
     0 | D:1      | Reached XP level 1. HP: 16/16 MP: 3/3
   286 | D:1      | Reached skill level 2 in Long Blades
   286 | D:1      | Reached skill level 1 in Armour
   287 | D:1      | Gained mutation: You have a pair of small horns on your
                  | head. [demonic ancestry]
   287 | D:1      | Reached XP level 2. HP: 22/22 MP: 5/5
   860 | D:1      | Gained mutation: You have a pair of horns on your head.
                  | [demonic ancestry]
   860 | D:1      | Reached XP level 3. HP: 28/28 MP: 6/6
  1186 | D:2      | Found a shadowy altar of Dithmenos.
  1865 | D:2      | Reached XP level 4. HP: 35/35 MP: 7/7
  2143 | D:3      | Noticed Natasha
  2152 | D:2      | Killed Natasha
  2185 | D:3      | Reached skill level 6 in Long Blades
  2185 | D:3      | Reached XP level 5. HP: 48/48 MP: 8/8
  2237 | D:3      | Found a radiant altar of Vehumet.
  2507 | D:3      | Found an opulent altar of Gozag.
  2536 | D:3      | Became a worshipper of Gozag Ym Sagoz the Greedy
  2628 | D:3      | Found an ornate altar of the Wu Jian Council.
  2724 | D:4      | Gained mutation: You are partially covered in large bone
                  | plates. (SH +4) [demonic ancestry]
  2724 | D:4      | Reached XP level 6. HP: 42/55 MP: 9/9
  2798 | D:4      | Found a transporter.
  2861 | D:4      | Found a transporter.
  2867 | D:4      | Noticed an ice beast
  2869 | D:4      | Noticed an ice beast
  3065 | D:4      | Reached skill level 1 in Throwing
  3333 | D:5      | Entered Level 5 of the Dungeon
  3333 | D:5      | Noticed a troll
  3369 | D:5      | Noticed a small abomination
  3384 | D:5      | Noticed an ancient zyme
  3406 | D:5      | Found a transporter.
  3408 | D:5      | Noticed themarg's ghost (novice DrTm)
  3409 | D:5      | Found a one-way gate to the infinite horrors of the Abyss.
  3442 | D:5      | Found a transporter.
  3582 | D:5      | Found a burning altar of Makhleb.
  3611 | D:5      | Gained mutation: You are mostly covered in large bone
                  | plates. (SH +6) [demonic ancestry]
  3611 | D:5      | Reached XP level 7. HP: 55/61 MP: 10/10
  3911 | D:5      | Killed a troll
  3912 | D:5      | Reached skill level 7 in Long Blades
  4181 | D:6      | You fall into a shaft and drop 3 floors!
  4214 | D:9      | Reached XP level 8. HP: 37/68 MP: 11/11
  5056 | D:7      | Found Quph's Armour Shop.
  5591 | D:7      | Noticed an ice devil
  5761 | D:7      | Gained mutation: You are completely covered in large bone
                  | plates. (SH +8) [demonic ancestry]
  5761 | D:7      | Reached XP level 9. HP: 75/75 MP: 12/12
  5833 | D:6      | Noticed Edmund
  5999 | D:7      | Noticed an ice devil
  6040 | D:8      | Reached skill level 8 in Long Blades
  6193 | D:8      | Noticed Pikel
  6264 | D:7      | Killed an ice devil
  6487 | D:7      | Found a staircase to the Ecumenical Temple.
  6508 | D:7      | Killed an ice devil
  6537 | D:7      | Noticed a freezing wraith
  6613 | D:6      | Killed Edmund
  6894 | D:6      | Found a shadowy altar of Dithmenos.
  6962 | D:6      | Found a snail-covered altar of Cheibriados.
  7367 | D:7      | Found the +8 frozen axe "Frostbite" {freezing cloud, *Noise
                  | Fly rC+}
  7406 | D:7      | Gained mutation: A weak demonic guardian rushes to your
                  | aid. [demonic ancestry]
  7406 | D:7      | Reached XP level 10. HP: 83/83 MP: 13/13
  7485 | D:7      | Reached skill level 9 in Long Blades
  7732 | D:8      | Noticed Maurice
  8422 | D:10     | Entered Level 10 of the Dungeon
  8436 | D:10     | Found a runed translucent door.
  8439 | D:10     | Noticed a purple ugly thing
  8440 | D:10     | Noticed a two-headed ogre
  8451 | D:10     | Noticed a gargoyle
  8513 | D:8      | Killed Maurice
  8549 | D:8      | Noticed Erica
  8626 | D:10     | Found an ancient bone altar of Kikubaaqudgha.
  8626 | D:10     | Found an iron altar of Okawaru.
  8626 | D:10     | Found a shimmering altar of Xom.
  8661 | D:10     | Found a broken altar of Ashenzari.
  8880 | D:10     | Found a staircase to the Lair.
  9030 | D:10     | Reached skill level 10 in Long Blades
  9045 | D:10     | Reached skill level 10 in Fighting
  9341 | D:10     | Gained mutation: You have a pair of large horns on your
                  | head. [demonic ancestry]
  9341 | D:10     | Reached XP level 11. HP: 59/91 MP: 14/14
  9952 | D:10     | Reached skill level 11 in Long Blades
 10221 | D:11     | Noticed a centaur warrior
 10244 | D:11     | Killed a centaur warrior
 10653 | D:11     | Noticed a boulder beetle
 10673 | D:11     | Killed a boulder beetle
 10686 | D:11     | Reached skill level 12 in Long Blades
 10980 | D:11     | Found the +18 shield of the Gong {rElec rN+ Will+ EV-5}
 11939 | Lair:1   | Entered Level 1 of the Lair of Beasts
 11970 | Lair:1   | Noticed Grum
 12250 | Lair:1   | Killed Grum
 12394 | Lair:1   | Reached XP level 12. HP: 58/100 MP: 15/15
 12515 | Lair:1   | Found a gate leading to a gauntlet.
 12521 | Gauntlet | Entered a Gauntlet
 12521 | Gauntlet | Found a transporter.
 12748 | Gauntlet | Found a transporter.
 12749 | Gauntlet | Found a transporter.
 12750 | Gauntlet | Found a transporter.
 12757 | Gauntlet | Found a transporter.
 12760 | Gauntlet | Found a transporter.
 12761 | Gauntlet | Found a transporter.
 12773 | Gauntlet | Found a transporter.
 12774 | Gauntlet | Found a transporter.
 12774 | Gauntlet | Found a transporter.
 12785 | Gauntlet | Found a transporter.
 12785 | Gauntlet | Found a transporter.
 12786 | Gauntlet | Found a transporter.
 12794 | Gauntlet | Found a transporter.
 12983 | Lair:1   | Found the +5 glaive of the Guard {elec, spectral, AC+5}
 13005 | Lair:1   | Found a runed translucent door.
 13093 | Lair:1   | Reached skill level 13 in Long Blades
 13357 | Lair:1   | Noticed a catoblepas
 13390 | Lair:1   | Killed a catoblepas
 14299 | Lair:2   | Learned a level 4 spell: Manifold Assault
 14302 | Lair:2   | Learned a level 2 spell: Blink
 14306 | Lair:2   | Learned a level 3 spell: Vhi's Electric Charge
 14336 | Lair:2   | Reached skill level 5 in Translocations
 14747 | Lair:2   | Found a staircase to the Swamp.
 15179 | Lair:2   | Reached skill level 14 in Long Blades
 15697 | Lair:3   | Noticed Rupert
 15698 | Lair:3   | Paralysed by Rupert for 3 turns
 15702 | Lair:3   | Paralysed by Rupert for 5 turns
 15708 | Lair:3   | Killed Rupert
 15724 | Lair:3   | Reached XP level 13. HP: 111/111 MP: 14/16
 15883 | Lair:2   | Bought a crude scimitar for 288 gold pieces
 15883 | Lair:2   | Identified the +9 scimitar "Kazxo" {holy, Int+3} (You
                  | bought it in a shop on level 2 of the Lair of Beasts)
 16333 | Lair:3   | Noticed Fannar
 16338 | Lair:3   | Noticed Josephine
 16349 | Lair:3   | Killed Josephine
 16358 | Lair:3   | HP: 1/112 [ice beast[Fannar] (8)]
 16966 | D:9      | Killed Pikel
 16980 | D:8      | Found a sparkling altar of Nemelex Xobeh.
 17576 | D:8      | Killed Erica
 18219 | D:12     | Noticed Urug
 18251 | D:12     | Killed Urug
 19028 | Lair:3   | Found a staircase to the Snake Pit.
 19204 | Lair:2   | Bought a bloodstained cloak for 304 gold pieces
 19204 | Lair:2   | Identified the +2 cloak "Kiemimieg" {-Cast rElec Str+2
                  | Dex+4} (You bought it in a shop on level 2 of the Lair of
                  | Beasts)
 19519 | Lair:3   | Killed Fannar
 20071 | Lair:4   | Reached skill level 15 in Long Blades
 20331 | Lair:4   | Found a staircase to the Slime Pits.
 21125 | Lair:5   | Entered Level 5 of the Lair of Beasts
 22285 | D:12     | Gained mutation: You regenerate a little health from kills.
                  | [demonic ancestry]
 22285 | D:12     | Reached XP level 14. HP: 116/120 MP: 15/17
 22648 | D:12     | Noticed a tengu reaver
 22769 | D:12     | Killed from afar by a tengu reaver

Illustrated notes

Levels and vault maps discovered:
D:1:      elethiomel_arrival_quiet, layout_loops_ring, minmay_misc_feat_encased,
          minmay_lizard_pond
D:2:      layout_basic, basic_altar, grunt_ministairs_11, item_on_display_a
D:3:      layout_rooms, fiery_altar_vehumet, nicolae_wu_jian_glorious_leap,
          nicolae_gozag_seed_capital, mainiacjoe_overflow_paths,
          kennysheep_orc_chapel, uniq_natasha
D:4:      gammafunk_cloud_chamber, layout_rooms, elyvilon_altar_5
D:5:      layout_rooms, mainiacjoe_overflow_boulevard,
          gammafunk_ghost_abyssal_escape, chequers_avenue, serial_bayou_lagoon_b
D:6:      layout_rooms, kennysheep_little_box, nicolae_dithmenos_the_darkroom,
          uniq_edmund
D:7:      layout_basic, minmay_temple_entry_stoned_glass, serial_shops, shop,
          serial_bayou_pond_b, minmay_large_rounded_square,
          hellmonk_guarded_unrand_frostbite
D:8:      layout_cave_pools, nemelex_spade_bored_becter, uniq_maurice,
          uniq_pikel, uniq_erica
D:9:      layout_rooms, hangedman_decor_growths
D:10:     kb_forest_paths, layout_basic,
          chequers_temple_overflow_statue_of_worship, kennysheep_mini_moat,
          statue_in_the_mist_lemuel, nrook_mini_backslash, minmay_st_funbox
D:11:     layout_long_grid, hellmonk_guarded_unrand_gong
D:12:     minmay_outward_triangles, layout_loops_corners, orc_0_dummy, uniq_urug
Lair:1:   gammafunk_lair_enchanted_lake, layout_regular_city,
          gauntlet_entry_generic, serial_bayou_shore_b, grunt_megastairs_2,
          lemuel_fruit_fields, lemuel_fruit_tree, serial_bayou_shore_b,
          uniq_grum
Lair:2:   layout_loops_ring, nicolae_swamp_entry_splash_gauntlet,
          infiniplex_staircase_pool_2
Lair:3:   layout_roguey, minmay_snake_entry_six_corridors, beast_lair_carwin_1,
          infiniplex_staircase_pool, uniq_josephine, uniq_rupert, uniq_fannar
Lair:4:   layout_small_grid, slime_entry_1
Lair:5:   hellmonk_lair_end_abyssal_woods, layout_long_grid, evilmike_ambush
          [evilmike_ambush_outer_corners, evilmike_ambush_inner_cross]

Skill      XL: |  1  2  3  4  5  6  7  8  9 10 11 12 13 |
---------------+----------------------------------------+-----
Long Blades    | 2 6 7 8 10 12 14 15 | 15.5
Armour         | 1 2 6 7 |  7.0
Fighting       | 3 7 8 9 10 11 13 14 | 14.2
Throwing       | 1 2 3 |  3.5
Dodging        | 2 4 |  4.9
Translocations | 3 5 6 |  6.7
Stealth        | |  0.6
Spellcasting   | |  2.0

Action                   |  1- 3 |  4- 6 |  7- 9 | 10-12 | 13-15 || total
-------------------------+-------+-------+-------+-------+-------++-------
Melee: Falchion          |    79 |       |       |       |       ||    79
       Headbutt          |    19 |    34 |    83 |   156 |    81 ||   373
       Dagger            |    53 |   191 |   225 |       |       ||   469
       Punch             |     2 |     3 |     7 |     9 |     1 ||    22
       Scimitar          |       |       |   171 |   663 |   133 ||   967
       Great sword       |       |       |       |       |   267 ||   267
Throw: Dart              |       |     6 |    52 |    21 |    23 ||   102
       Boomerang         |       |     4 |    27 |     9 |       ||    40
 Cast: Manifold Assault  |       |       |       |       |    40 ||    40
Invok: Potion Petition   |       |       |     1 |     3 |     1 ||     5
       Call Merchant     |       |       |       |     2 |       ||     2
Evoke: Wand              |       |       |       |    16 |     1 ||    17
  Use: Scroll            |       |     6 |    13 |    15 |     7 ||    41
       Potion            |       |     1 |     1 |    11 |     3 ||    16
 Stab: Sleeping          |     1 |       |       |       |       ||     1
       Distracted        |       |       |     1 |     3 |     1 ||     5
       Invisible         |       |       |       |     4 |       ||     4
Armor: Leather armour    |     3 |       |       |       |       ||     3
       Fire dragon scale |    53 |    34 |   139 |   274 |   101 ||   601
       Skin              |       |       |     4 |    37 |     4 ||    45
Dodge: Dodged            |    52 |    48 |   125 |   224 |   112 ||   561
Block: Other             |       |     8 |   122 |   216 |    94 ||   440

Table legend: (Time is in decaauts)
 A = Elapsed time spent in this place.
 B = Non-inter-level travel time spent in this place.
 C = Inter-level travel time spent in this place.
 D = Time resting spent in this place.
 E = Time spent auto-exploring this place.
 F = Levels seen in this place.
 G = Mean time per level.
                   A        B        C        D        E       F      G
               +--------+--------+--------+--------+--------+-----+--------+
         Total |  22561 |  20870 |   1691 |   2153 |  14667 |  18 | 1253.4 |
       Dungeon |  14603 |  13456 |   1147 |   1664 |   9233 |  12 | 1216.9 |
          Lair |   7601 |   7057 |    544 |    489 |   5101 |   5 | 1520.2 |
      Gauntlet |    356 |    356 |      0 |      0 |    333 |   1 |  356.0 |
               +--------+--------+--------+--------+--------+-----+--------+

Top non-repeatable levels by time:
    D:10: 2281 daAuts
     D:7: 2117 daAuts
    D:11: 1768 daAuts
  Lair:1: 1758 daAuts
  Lair:2: 1696 daAuts
  Lair:4: 1691 daAuts
  Lair:3: 1632 daAuts
     D:9: 1572 daAuts
     D:2: 1190 daAuts
    D:12: 1015 daAuts
     D:8: 979 daAuts
     D:1: 958 daAuts
     D:5: 829 daAuts
  Lair:5: 823 daAuts
     D:6: 752 daAuts
